Map: Neon Violet Square LE

Players

iPlayDefense - Winner!

  • Race: Terran Terran
  • League: Silver
  • Spawn Location: 5:00

Pot

  • Race: Terran Terran
  • Spawn Location: 11:00

VOD

Have the link to the VOD?

Description

Time

  • Played on: April 17, 2025, 7:32 a.m.
  • Length: 15:58
Show
View Real Time Build Order
Export as new Build Order

iPlayDefense Terran - Winner!

Build Orders:  

Get SALT Encoding   

  12  0:00  SCV  
  13  0:18  Supply Depot  
  13  0:21  SCV  
  14  0:33  SCV  
  15  0:44  Refinery  
  15  0:45  SCV  
  16  0:58  SCV  
  16  1:00  Barracks  
  17  1:10  SCV  
  18  1:22  SCV  
  19  1:31  Supply Depot  
  19  1:48  Orbital Command  
  19  1:49  Barracks Reactor  
  19  1:54  Command Center  
  19  2:20  SCV  
  20  2:25  Marine  
  20  2:26  Marine  
  22  2:32  SCV  
  22  2:34  Refinery  
  23  2:41  Factory  
  23  2:43  Marine x2  
  25  2:44  SCV  
  26  2:56  SCV  
  27  3:07  Orbital Command  
  27  3:16  Bunker  
  27  3:24  Barracks  
  27  3:26  Barracks  
  27  3:30  SCV  
  27  3:31  Marine  
  29  3:42  SCV  
  29  3:45  Factory Tech Lab  
  30  3:54  SCV  
  31  4:06  SCV  
  32  4:16  Barracks Tech Lab x2  
  32  4:21  Siege Tank  
  35  4:30  SCV x2  
  35  4:31  Marine x2  
  39  4:42  SCV x2  
  41  4:49  Marine x2  
  41  4:50  Command Center  
  41  4:52  Marine x2  
  43  4:54  SCV  
  46  5:06  Supply Depot  
  46  5:07  Supply Depot  
  46  5:27  SCV x2, Marine x4  
  52  5:37  Starport  
  52  5:40  SCV  
  52  5:41  SCV  
  54  5:45  Marine x4  
  58  5:50  Supply Depot  
  58  5:52  Supply Depot, SCV  
  58  5:53  SCV  
  60  6:02  Orbital Command, Siege Tank  
  60  6:03  Marine x2  
  60  6:04  SCV  
  66  6:05  SCV  
  67  6:16  SCV  
  68  6:22  Refinery x2  
  68  6:28  Starport Reactor  
  68  6:46  Engineering Bay  
  69  7:01  SCV x3  
  69  7:02  Marine x2  
  69  7:03  Marine x2  
  69  7:04  Siege Tank  
  69  7:05  Medivac  
  69  7:06  Medivac  
  82  7:11  Engineering Bay  
  82  7:13  SCV x3  
  85  7:20  Marine x2  
  87  7:33  SCV  
  87  7:34  SCV x2  
  87  7:35  Marine x2  
  92  7:38  Marine  
  93  7:45  Supply Depot  
  93  7:47  Supply Depot  
  93  8:07  SCV x3, Marine x3, Medivac  
  93  8:08  Siege Tank  
  104  8:59  SCV x3  
  104  9:00  Marine x2  
  109  9:12  Supply Depot  
  109  9:14  Supply Depot  
  109  9:22  Terran Infantry Weapons Level 1  
  109  9:23  Terran Infantry Armor Level 1, Armory  
  109  9:33  Marine, Medivac x2  
  109  9:34  Siege Tank  
  109  9:36  Supply Depot, SCV, Marine x3  
  109  9:38  Supply Depot  
  112  10:06  Siege Tank  
  109  10:11  Stimpack  
  105  10:15  Combat Shield  
  101  10:34  Marine  
  101  10:35  Marine x3  
  101  10:38  Siege Tank  
  101  10:39  Medivac x2  
  108  10:47  Refinery x2  
  108  10:52  Marine x4  
  109  11:09  Medivac x2  
  109  11:10  Siege Tank, Marine x4  
  120  11:28  Marine x4  
  120  11:31  Barracks  
  124  11:33  Barracks  
  124  11:41  Supply Depot  
  124  11:42  Supply Depot, Siege Tank  
  124  11:46  Marine x2  
  129  11:50  Terran Vehicle Weapons Level 1  
  129  11:52  Terran Infantry Weapons Level 2  
  129  12:03  Fusion Core  
  129  12:05  Supply Depot  
  129  12:07  Supply Depot  
  129  12:14  Siege Tank  
  132  12:15  Factory  
  132  12:18  Factory  
  132  12:23  Barracks Reactor x2  
  132  12:29  Supply Depot  
  132  12:30  Supply Depot  
  132  12:54  Supply Depot  
  132  12:55  Supply Depot  
  132  13:03  Factory Tech Lab x2  
  132  13:05  Marine x8  
  140  13:23  Marine x8  
  146  13:40  Marine  
  146  13:41  Marine x7  
  154  13:58  Marine  
  154  13:59  Marine x7  
  159  14:17  Marine x2  
Show
View Real Time Build Order
Export as new Build Order

Pot Terran 

Build Orders:  

Get SALT Encoding   

  12  0:21  Engineering Bay  
  12  0:26  SCV  
  13  0:38  SCV  
  14  0:48  Supply Depot  
  14  0:50  SCV  
  15  1:10  SCV  
  16  1:22  SCV  
  17  1:35  Supply Depot  
  17  1:50  Refinery  
  17  2:15  Refinery  
  17  2:20  SCV  
  18  2:33  SCV  
  19  2:38  Barracks  
  19  2:45  SCV  
  20  2:59  SCV  
  21  3:11  SCV  
  22  3:23  SCV  
  23  3:30  Missile Turret  
  23  3:38  Hi-Sec Auto Tracking  
  23  3:45  Marine  
  24  3:53  Missile Turret  
  24  4:03  Marine  
  25  4:17  Supply Depot  
  25  4:20  Marine  
  26  4:38  Marine  
  26  4:40  Supply Depot  
  26  4:42  Command Center  
  27  4:49  Neosteel Armor  
  27  4:56  Marine  
  28  5:03  Supply Depot, Orbital Command  
  28  5:14  Marine  
  29  5:26  Supply Depot  
  29  5:32  Marine  
  30  5:49  Marine  
  30  5:51  Barracks  
  30  5:56  Refinery  
  31  6:07  Marine  
  32  6:19  SCV  
  32  6:21  Refinery  
  32  6:25  Marine  
  33  6:30  Terran Infantry Armor Level 1  
  33  6:31  SCV  
  35  6:39  Barracks  
  35  6:43  SCV  
  36  6:52  Command Center  
  36  6:56  SCV  
  36  7:01  Barracks Reactor  
  37  7:08  SCV  
  38  7:13  Barracks Reactor  
  38  7:27  Ghost Academy  
  38  7:35  SCV  
  39  7:47  SCV  
  40  7:59  SCV  
  41  8:11  Planetary Fortress, SCV  
  42  8:24  Terran Infantry Weapons Level 1, Bunker  
  42  8:34  Planetary Fortress  
  42  8:54  Supply Depot  
  42  9:06  Command Center  
  42  9:25  SCV  
  43  9:37  SCV  
  44  9:49  SCV  
  45  9:55  Personal Cloaking  
  45  9:57  Marine  
  46  10:00  Marine x2  
  46  10:01  SCV  
  46  10:04  Marine x2  
  51  10:13  SCV  
  52  10:15  Marine  
  52  10:18  Marine x2  
  55  10:21  Marine  
  55  10:22  Marine  
  55  10:25  Bunker  
  57  10:33  Marine  
  58  10:36  Marine x2  
  58  10:39  Marine x2  
  62  10:51  Marine  
  62  10:53  Marine  
  62  10:54  Marine  
  60  10:57  Marine x2  
  62  11:09  Marine  
  62  11:11  Bunker  
  63  11:42  Command Center  
  63  11:43  Bunker  
  63  11:47  Barracks Tech Lab  
  63  11:52  Barracks Reactor  
  63  11:54  Marine  
  63  11:55  Marine  
  63  11:58  Marine  
  63  11:59  Marine  
  67  12:11  Factory  
  67  12:12  Marine x2, Bunker  
  69  12:16  Marine  
  69  12:17  Marine  
  71  12:30  Marine x2  
  71  12:34  Marine  
  71  12:35  Marine  
  75  12:41  Supply Depot  
  75  12:46  Barracks Reactor  
  75  12:48  Marine x2  
  77  12:51  Marine  
  77  12:53  Marine  
  77  12:54  Sensor Tower  
  77  12:55  SCV  
  80  13:01  Refinery  
  80  13:07  SCV  
  81  13:19  SCV  
  82  13:27  Refinery  
  82  13:31  SCV  
  68  13:43  SCV  
  61  13:55  Sensor Tower  
  41  14:02  Orbital Command  
  9  14:52  SCV  
  10  15:04  SCV  
  11  15:08  Engineering Bay  
  10  15:16  SCV  
Tags
 
League
Silver
Matchup
TvT
Race
Terran
Replay Pack
DaveSC2
Spawn Locations
Cross Positions
Add a new tag
Caveats
  • Supply blocks, unpowered buildings, or Contaminate may cause inaccurate times.
  • Supply counts are checked every 10 seconds.